 Dungeon Crawl Stone Soup version 0.26.0-3-g156281e41b (webtiles) character file.

Game seed: 7118563468323186069

7420 Descartes the Protected (level 11, -4/79 HPs)
             Began as a Formicid Fighter on Jan 9, 2021.
             Was an Initiate of Gozag.
             Slain by a boulder beetle (25 damage)
             ... on level 10 of the Dungeon.
             The game lasted 00:20:16 (9918 turns).

Descartes the Protected (Formicid Fighter)          Turns: 9918, Time: 00:20:16

Health: -4/79      AC: 19    Str: 24    XL:     11   Next: 36%
Magic:  11/11      EV:  7    Int: 12    God:    Gozag
Gold:   1071       SH: 12    Dex: 13    Spells: 10/10 levels left

rFire    . . .     SeeInvis +   a - +8 falchion of No Interval {vorpal, *Corrode Str+4 Int+3}
rCold    . . .     Faith    .   c - +0 kite shield
rNeg     . . .     Spirit   .   j - +1 plate armour
rPois    +         Reflect  .   (helmet unavailable)
rElec    .         Harm     .   (no cloak)
rCorr    .         Rampage  .   I - +0 pair of gloves
Will     +....                  G - +0 pair of boots
Stlth    ..........             (no amulet)
HPRegen  0.23/turn              A - ring of poison resistance
MPRegen  0.12/turn              p - ring of flight

@: gold aura
A: permanent stasis, dig shafts and tunnels, four strong arms, antennae 3
a: Dig, Shaft Self, Renounce Religion, Evoke Flight, Potion Petition, Call
Merchant, Bribe Branch


You were on level 10 of the Dungeon.
You worshipped Gozag.
Gozag was most pleased with you.
You visited 2 branches of the dungeon, and saw 11 of its levels.

You collected 1164 gold pieces.
You paid 93 gold pieces to Gozag.

Inventory:

Hand Weapons
 a - the +8 falchion of No Interval (weapon) {vorpal, *Corrode Str+4 Int+3}
   (You found it on level 6 of the Dungeon)

   It inflicts extra damage upon your enemies.
   It affects your strength (+4).
   It affects your intelligence (+3).
   It may corrode you when you take damage.
 b - a +0 hand crossbow
 v - a +1 dagger of venom
 B - a +2 whip of freezing
 F - a +0 flail of draining
 N - a +0 shortbow
 Q - a +0 glaive of distortion
 U - a +0 battleaxe
Missiles
 g - 51 sling bullets
 l - 237 stones (quivered)
 m - 112 arrows
 u - 110 bolts
 x - 2 curare-tipped darts
 P - 2 poisoned darts
Armour
 c - a +0 kite shield (worn)
 j - a +1 plate armour (worn)
 G - a +0 pair of boots (worn)
 I - a +0 pair of gloves (worn)
Jewellery
 p - a ring of flight (right hand)
 A - a ring of poison resistance (left hand)
 H - an uncursed ring of wizardry
Wands
 y - a wand of polymorph (7)
 z - a wand of iceblast (10)
 E - a wand of paralysis (5)
 S - a wand of digging (4)
Scrolls
 h - a scroll of enchant armour
 i - 3 scrolls of remove curse
 n - a scroll of fear {unknown}
 o - 2 scrolls of random uselessness {unknown}
 q - a scroll of noise {unknown}
 t - a scroll of enchant weapon {unknown}
 w - 2 scrolls of magic mapping {unknown}
 D - a scroll of amnesia {unknown}
 K - 5 scrolls of identify
 L - a scroll of silence {unknown}
 O - a scroll of fog {unknown}
 T - a scroll of blinking {unknown}
Potions
 d - 3 potions of might
 e - 2 potions of berserk rage {unknown}
 f - 4 potions of attraction
 k - 6 potions of curing
 r - 2 potions of haste {unknown}
 s - 2 potions of cancellation
 C - a potion of degeneration {unknown}
 J - 2 potions of brilliance {unknown}
 M - 2 potions of ambrosia {unknown}
 R - a potion of resistance {unknown}


   Skills:
 - Level 5.0 Fighting
 - Level 1.1(6.2) Short Blades
 + Level 9.8 Long Blades
 + Level 3.3 Crossbows
 + Level 11.3 Armour
 - Level 9.0 Shields
 + Level 4.6 Evocations


You had 10 spell levels left.
You didn't know any spells.
Your spell library was empty.

Dungeon Overview and Level Annotations

Branches:
Dungeon (10/15)            Temple (1/1) D:4            Lair (0/6) D:8
    Orc: D:9-12

Altars:
Ashenzari
Cheibriados
Dithmenos
Elyvilon
Fedhas
Gozag
Hepliaklqana
Kikubaaqudgha
Makhleb
Nemelex Xobeh
Okawaru
Qazlal
Ru
Sif Muna
Trog
Uskayaw
Vehumet
Wu Jian
Xom
Yredelemnul
Zin
The Shining One


Innate Abilities, Weirdness & Mutations

You cannot be hasted, slowed, berserked, paralysed or teleported.
You can dig through walls and to a lower floor.
Your four strong arms can wield two-handed weapons with a shield.
You have a pair of large antennae on your head. (SInv)


Message History

The unseen horror barely misses you.
A meliai comes into view. It is wielding a +0 hand axe.
You block the unseen horror's attack.
The unseen horror completely misses you.
You riposte.
You slash the unseen horror!
You kill the unseen horror!
The boulder beetle curls into a ball and begins rolling!
You extend your mandibles.
You dig through the rock wall.
Found a stone staircase leading down.
You retract your mandibles.
You are no longer corroded.
You extend your mandibles.
You dig through the rock wall.
The meliai mumbles some strange prayers to its god against you.
Something smites you!
* * * LOW HITPOINT WARNING * * *
You dig through the rock wall.
The boulder beetle hits you!!
You die...
Your body crumbles into a pile of gold.

#.....#°####
##### #.....#°#
#.....#○#######
#.....#°$......
#..>.y#B.......
#.....○#.......
#....○##.......
###.##B########
# ##@# ###


You could see a boulder beetle.

Vanquished Creatures
  An unseen horror (D:10)
  Pikel (D:5)
  2 komodo dragons (D:8)
  Grinder (D:5)
  Sigmund (D:6)
  Grum (D:8)
  A wyvern (D:8)
  Eustachio (D:5)
  2 basilisks (D:8)
  A steam dragon (D:8)
  Duvessa (D:4)
  4 orc warriors
  An ice beast (D:6)
  2 sky beasts
  A black bear (D:9)
  An eye of draining (D:9)
  3 ogres
  A necrophage (D:10)
  3 centaurs
  2 wolves (D:8)
  4 lemures (D:5)
  A big kobold (D:8)
  3 bullfrogs
  A wyvern zombie (D:10)
  Dowan (D:4)
  A water moccasin skeleton (D:5)
  A scorpion (D:5)
  A wyvern skeleton (D:6)
  7 killer bees
  4 howler monkeys
  2 orc priests (D:9)
  4 hounds
  An iguana (D:5)
  A bullfrog skeleton (D:6)
  7 worker ants
  6 orc wizards
  A hound zombie (D:5)
  A howler monkey zombie (D:8)
  2 worker ant zombies
  Robin (D:4)
  4 gnolls (D:4)
  12 adders
  3 shadow imps
  A white imp (D:8)
  2 ufetubi
  An ooze (D:2)
  An adder skeleton (D:8)
  A worm (D:2)
  5 leopard geckos
  25 orcs
  2 ball pythons
  7 giant cockroaches
  17 goblins
  8 hobgoblins
  14 jackals
  5 quokkas
  10 bats
  5 frilled lizards
  7 kobolds
  A leopard gecko zombie (D:5)
  A quokka zombie (D:6)
  10 rats
223 creatures vanquished.

Vanquished Creatures (others)
  2 dancing weapons (D:9)
2 creatures vanquished.

Grand Total: 225 creatures vanquished

Notes
Turn   | Place    | Note
-------+----------+-------------------------------------------
     0 | D:1      | Descartes the Formicid Fighter began the quest for the Orb.
     0 | D:1      | Reached XP level 1. HP: 18/18 MP: 1/1
   126 | D:1      | Reached XP level 2. HP: 14/24 MP: 2/2
   486 | D:1      | Reached XP level 3. HP: 29/29 MP: 3/3
  1177 | D:2      | Reached XP level 4. HP: 36/37 MP: 4/4
  1846 | D:3      | Reached skill level 5 in Shields
  1854 | D:3      | Reached XP level 5. HP: 27/42 MP: 5/5
  2264 | D:3      | You fall into a shaft and drop 3 floors!
  2264 | D:6      | Noticed Sigmund
  2278 | D:6      | Killed Sigmund
  2279 | D:6      | Reached XP level 6. HP: 32/48 MP: 6/6
  2381 | D:6      | Noticed an ice beast
  2401 | D:6      | Killed an ice beast
  2402 | D:6      | Reached XP level 7. HP: 53/53 MP: 7/7
  2826 | D:6      | Reached skill level 4 in Armour
  3435 | D:6      | Got a twisted falchion
  3436 | D:6      | Identified the +8 falchion of No Interval {vorpal, *Corrode
                  | Str+4 Int+3} (You found it on level 6 of the Dungeon)
  3464 | D:5      | Entered Level 5 of the Dungeon
  3524 | D:5      | Reached skill level 5 in Armour
  3524 | D:5      | Reached XP level 8. HP: 60/60 MP: 8/8
  3581 | D:5      | Reached skill level 1 in Short Blades
  3749 | D:5      | Noticed Grinder
  3753 | D:5      | Killed Grinder
  3779 | D:5      | Reached skill level 5 in Fighting
  3949 | D:5      | Noticed Eustachio
  3963 | D:5      | Killed Eustachio
  3964 | D:5      | Reached skill level 6 in Armour
  4023 | D:5      | Noticed Pikel
  4038 | D:5      | Killed Pikel
  4039 | D:5      | Reached skill level 5 in Long Blades
  4039 | D:5      | Reached skill level 7 in Armour
  4039 | D:5      | Reached XP level 9. HP: 63/68 MP: 9/9
  4304 | D:5      | Found a shimmering blue altar of Sif Muna.
  4574 | D:4      | Noticed Robin
  4575 | D:4      | Noticed Duvessa
  4579 | D:4      | Noticed Dowan
  4608 | D:4      | Killed Duvessa
  4609 | D:4      | Reached skill level 8 in Armour
  4612 | D:4      | Killed Robin
  4623 | D:4      | Killed Dowan
  5081 | D:4      | Found a staircase to the Ecumenical Temple.
  5166 | Temple   | Entered the Ecumenical Temple
  5184 | Temple   | Became a worshipper of Gozag Ym Sagoz the Greedy
  5576 | D:3      | Found a faded altar of an unknown god.
  5895 | D:7      | Found a blossoming altar of Fedhas.
  6251 | D:7      | Found a sacrificial altar of Ru.
  6903 | D:8      | Noticed Grum
  6926 | D:8      | Killed Grum
  6927 | D:8      | Reached skill level 9 in Armour
  6927 | D:8      | Reached XP level 10. HP: 29/74 MP: 10/10
  7218 | D:8      | Found an iron altar of Okawaru.
  7218 | D:8      | Found a stormy altar of Qazlal.
  7219 | D:8      | Found an ancient bone altar of Kikubaaqudgha.
  7365 | D:8      | Noticed a komodo dragon
  7373 | D:8      | Killed a komodo dragon
  7407 | D:8      | Reached skill level 10 in Armour
  7516 | D:8      | Noticed a komodo dragon
  7531 | D:8      | Killed a komodo dragon
  7947 | D:8      | Found a staircase to the Lair.
  8358 | D:9      | Reached skill level 1 in Evocations
  8850 | D:9      | Found a hide-covered altar of Uskayaw.
  8850 | D:9      | Noticed a +0 hand axe
  8850 | D:9      | Noticed a +0 hand axe
  9539 | D:9      | Killed a +0 hand axe
  9540 | D:9      | Reached skill level 1 in Crossbows
  9540 | D:9      | Reached XP level 11. HP: 68/79 MP: 11/11
  9544 | D:9      | Killed a +0 hand axe
  9545 | D:9      | Reached skill level 11 in Armour
  9647 | D:10     | Entered Level 10 of the Dungeon
  9893 | D:10     | Noticed an unseen horror
  9901 | D:10     | Noticed a boulder beetle
  9914 | D:10     | Killed an unseen horror
  9918 | D:10     | Slain by a boulder beetle

Illustrated notes

Levels and vault maps discovered:
D:1:      tarquinn_simple_flora_water_b, layout_basic, minmay_worlds_worst_comb
D:2:      layout_loops_corners
D:3:      layout_loops_ring, chequers_ecumenical_altar_twisty
D:4:      layout_gridville, minmay_temple_entry_junction,
          kennysheep_generic_room_3, uniq_duvessa, uniq_robin
D:5:      layout_loops_ring, led_sif_book, minmay_misc_feat_doors, uniq_pikel,
          uniq_grinder, uniq_eustachio
D:6:      layout_loops_ring, uniq_sigmund
D:7:      layout_cave_pods, kennysheep_little_box, kennysheep_mini_moat
D:8:      layout_basic, gammafunk_temple_overflow_claw, erik_lair_dragon,
          uniq_grum
D:9:      layout_basic, dancing_weapons_uskayaw, serial_corexii_hall,
          corexii_hall_statues_deadend, corexii_hall_statues_x
D:10:     minmay_the_grid_triangle_9x9_recursive_2_mashed
          [minmay_the_grid_triangle_9x9_prize_top_heavy,
          minmay_the_grid_triangle_9x9_alien,
          minmay_the_grid_triangle_9x9_wacky_v,
          minmay_the_grid_triangle_9x9_pentomino_pain], layout_basic,
          lightli_minifort, uniq_gastronok
Temple:   minmay_freezing_vapour_temple

Skill      XL: |  1  2  3  4  5  6  7  8  9 10 11 |
---------------+----------------------------------+-----
Shields        | 4 5 7 8 9 |  9.0
Armour         | 5 7 9 10 11 | 11.3
Fighting       | 4 5 |  5.0
Short Blades   | 1 |  1.1
Long Blades    | 5 7 9 |  9.8
Evocations     | 3 4 |  4.6
Crossbows      | 1 3 |  3.3

Action                   |  1- 3 |  4- 6 |  7- 9 | 10-12 || total
-------------------------+-------+-------+-------+-------++-------
Melee: Long sword        |   102 |    99 |    63 |       ||   264
       Dagger            |       |       |     9 |       ||     9
       Falchion          |       |       |   262 |   228 ||   490
 Fire: Hand crossbow     |       |       |     1 |     4 ||     5
 Abil: Dig               |     2 |       |       |     8 ||    10
  Use: Scroll            |       |       |     6 |       ||     6
Armor: Scale mail        |    27 |       |       |       ||    27
       Plate armour      |    41 |    71 |   158 |   102 ||   372
       Skin              |       |       |     7 |       ||     7
Dodge: Dodged            |    30 |    16 |    79 |    55 ||   180
Block: Kite shield       |    76 |    56 |   218 |   120 ||   470
       Rpst.: Long sword |     8 |     8 |     1 |       ||    17
       Falchion          |       |       |    21 |    13 ||    34
